 Dungeon Crawl Stone Soup version 0.30-a0-857-gcaf70739d4 (webtiles) character file.

Game seed: 7250001171534596720

3895 lesbiats the Grappler (level 10, -1/100 HPs)
             Began as a Troll Fighter on Mar 3, 2023.
             Slain by an orc knight
             ... wielding a +0 glaive
              (36 damage)
             ... in a bailey on Mar 6, 2023.
             The game lasted 00:32:31 (6659 turns).

lesbiats the Grappler (Troll Fighter)               Turns: 6659, Time: 00:32:31

Health: -1/100     AC:  8    Str: 26    XL:     10   Next: 0%
Magic:  9/9        EV:  9    Int:  8    God:
Gold:   406        SH:  9    Dex:  9    Spells: 7/9 levels left

rFire   . . .      SeeInvis .      - Unarmed
rCold   . . .      Faith    .    b - +0 kite shield
rNeg    . . .      Spirit   .    a - +0 robe
rPois   .          Reflect  .    (helmet restricted)
rElec   .          Rampage  .    (no cloak)
rCorr   .                        (gloves unavailable)
Will    .....                    (boots unavailable)
Stlth   +                        (no amulet)
HPRegen 1.16/turn                G - +4 ring of slaying
MPRegen 0.11/turn                A - +4 ring of protection

@: mighty
A: large, unfitting armour, claws 3, regeneration 1, shaggy fur 1, tough skin 1
a: no special abilities


You were in a bailey.
You visited 1 branch of the dungeon, and saw 8 of its levels.
You also visited: Bailey.

You collected 436 gold pieces.
You spent 30 gold pieces at shops.

Inventory:

Hand Weapons
 O - the +5 executioner's axe "Pendulum" {flame, rPois rF+}
   (You found it in a bailey)

   rF:        It protects you from fire.
   rPois:     It protects you from poison.
Missiles
 m - 3 throwing nets
 n - 9 boomerangs (quivered)
 u - 5 datura-tipped darts
 w - 5 poisoned darts
 x - 4 atropa-tipped darts
 J - 4 javelins
 L - a curare-tipped dart
Armour
 a - a +0 robe (worn)
 b - a +0 kite shield (worn)
Jewellery
 v - a +6 ring of intelligence
 A - a +4 ring of protection (right claw)
 C - a ring of magical power
 E - a ring of poison resistance
 G - a +4 ring of slaying (left claw)
 I - a +6 ring of intelligence
Wands
 f - a wand of mindburst (10)
 i - a wand of light (9)
 y - a wand of roots (5)
 M - a wand of flame (16)
Scrolls
 k - a scroll of amnesia
 l - 3 scrolls of enchant armour
 r - a scroll of enchant weapon
 t - 5 scrolls of teleportation
 z - 2 scrolls of immolation
 B - 3 scrolls of blinking
 F - a scroll of magic mapping {unknown}
 H - a scroll of fog {unknown}
 K - a scroll of silence {unknown}
 N - a scroll of noise {unknown}
Potions
 c - 2 potions of might
 d - 2 potions of brilliance {unknown}
 e - a potion of magic
 g - a potion of heal wounds
 h - 5 potions of curing
 j - 4 potions of attraction
 o - a potion of lignification {unknown}
 p - 3 potions of resistance
 q - 2 potions of invisibility {unknown}
 s - 2 potions of berserk rage {unknown}
 D - 2 potions of degeneration {unknown}


   Skills:
 + Level 6.3 Fighting
 + Level 3.9 Dodging
 + Level 6.9 Shields
 * Level 10.1 Unarmed Combat


You had 7 spell levels left.
You knew the following spells:

 Your Spells              Type           Power      Damage    Failure   Level
a - Passwall              Tmut/Erth      0%         N/A       80%         2

Your spell library contained the following spells:

 Spells                   Type           Power      Damage    Failure   Level
 Blink                    Tloc           0%         N/A       80%         2
 Ensorcelled Hibernation  Hex/Ice        0%         N/A       80%         2
 Sublimation of Blood     Necr           0%         N/A       80%         2
 Wereblood                Tmut           0%         N/A       80%         2
 Frozen Ramparts          Ice            0%         1d1       95%         3
 Spider Form              Tmut/Pois      0%         N/A       95%         3
 Stone Arrow              Conj/Erth      0%         3d7       95%         3
 Swiftness                Air            0%         N/A       95%         3
 Airstrike                Air            0%         2d(0-16)  100%        4
 Anguish                  Hex/Necr       0%         N/A       100%        4
 Animate Armour           Summ/Erth      0%         N/A       100%        4
 Ice Form                 Ice/Tmut       0%         N/A       100%        4
 Manifold Assault         Tloc           0%         N/A       100%        4
 Summon Ice Beast         Ice/Summ       0%         N/A       100%        4
 Summon Lightning Spire   Summ/Air       0%         N/A       100%        4
 Lightning Bolt           Conj/Air       0%         1d11      100%        5
 Enfeeble                 Hex            0%         N/A       100%        7
 Storm Form               Tmut/Air       0%         N/A       100%        7
 Summon Hydra             Summ           0%         N/A       100%        7
 Lehudib's Crystal Spear  Conj/Erth      0%         10d2      100%        8
 Polar Vortex             Ice            0%         N/A       100%        9


Dungeon Overview and Level Annotations

Branches:
Dungeon (8/15)             Temple (0/1) D:7          Bailey (1/1)
   Lair: D:8-11

Altars:
Hepliaklqana
Okawaru
Qazlal
Vehumet
Zin

Shops:
D:1 *   D:3 [


Innate Abilities, Weirdness & Mutations

You are too large for most types of armour.
You have claws for hands.
Your natural rate of healing is unusually fast.
You are covered in fur. (AC +1)
You have tough skin. (AC +1)


Message History

You open the door.
An orc warrior comes into view. It is wielding a +0 trident.
The orc warrior shouts!
You block the orc warrior's attack.
There is an open door here.
You mangle the orc warrior!!
You kill the orc warrior!
You have reached level 10!
Things that are here:
a +0 trident; a +0 ring mail
There is an open door here.
You open the gate.
Found a transparent executioner's axe.
Found two gates leading back out of this place.
There is an open gate here.
You see here the +5 executioner's axe "Pendulum" {flame, rPois rF+}.
O - the +5 executioner's axe "Pendulum" {flame, rPois rF+} As you open the door, it creaks loudly!
An orc, an orc warrior and 2 orc knights come into view.
The orc knight shouts!
The orc warrior shouts!
The orc knight shouts!
The orc shouts!
You block the orc's attack.
Found 3 scrolls of enchant weapon and a glowing triple sword.
Found a roughly hewn altar of Beogh.
Okay, then.
You feel very mighty all of a sudden.
The orc hits you from afar with a +0 spear.
The orc warrior hits you from afar with a +0 halberd!
The orc knight roars a battlecry!
The orcs go into a battle-frenzy!
The orc hits you but does no damage.
The orc warrior hits you with a +0 halberd!
The orc knight hits you with a +0 halberd!!
The orc knight hits you from afar with a +0 glaive!
There is an open door, spattered with blood here.
You barely miss the orc. The orc hits you with a +0 spear.
You block the orc warrior's attack.
The orc knight hits you with a +0 halberd!
The orc knight hits you from afar with a +0 glaive!!!
You die...

..≈##.##≈..............)≈##.##≈..
..≈#.........).........).....#≈..
..≈##)∩#≈...).).........≈#∩.##≈..
..≈≈#.##≈....#######....≈##.#≈≈..
...≈≈.≈≈≈....##....##...≈≈≈.≈≈...
.............##.....##...........
.............##'''#..##..........
.........##..##∩.∩##..#..........
.........##.####@####.##.........
.........##.')#ooo#)'.##.........
........)##.###.o.###.##.........
.........##.')#).?#)'.##.........
.........##.#########.##.........
..........#..##.#)##..#..........
..........##..#'#'#..##..........
...........##.......##...........
...≈≈.≈≈≈...#########...≈≈≈.≈≈...


You could see 2 orc knights, an orc warrior (strong) and an orc (strong).

Vanquished Creatures
  Sigmund (D:6)
  11 orc warriors (Bailey)
  A water moccasin (D:6)
  3 black bears
  2 ogres (D:5)
  2 centaurs
  A kobold brigand (D:8)
  Blork the orc (D:4)
  4 bullfrogs
  4 scorpions (D:5)
  5 wights (D:8)
  4 howler monkeys
  3 hounds
  2 orc priests (D:8)
  4 jellies
  A sleepcap (D:5)
  Jessica (D:2)
  5 iguanas
  8 orc wizards
  Robin (D:4)
  12 gnolls
  4 adders
  A white imp (D:6)
  An ufetubus (D:5)
  4 worms
  3 dart slugs
  34 orcs
  9 endoplasms
  4 giant cockroaches
  3 hobgoblins
  10 jackals
  11 kobolds
  4 quokkas
  9 ball pythons
  5 bats
  A frilled lizard (D:1)
  17 goblins
  5 rats
201 creatures vanquished.

Vanquished Creatures (others)
  An orc wizard (D:3)
  9 fungi (D:3)
10 creatures vanquished.

Grand Total: 211 creatures vanquished

Notes
Turn   | Place    | Note
-------+----------+-------------------------------------------
     0 | D:1      | lesbiats the Troll Fighter began the quest for the Orb.
     0 | D:1      | Reached XP level 1. HP: 22/22 MP: 0/0
    16 | D:1      | Found Dujayxke's General Store.
   235 | D:1      | Reached XP level 2. HP: 29/29 MP: 1/1
   690 | D:1      | Bought a potion of curing for 30 gold pieces
   710 | D:2      | Noticed Jessica
   716 | D:2      | Killed Jessica
   717 | D:2      | Reached skill level 3 in Unarmed Combat
   717 | D:2      | Reached XP level 3. HP: 36/36 MP: 2/2
   751 | D:1      | Learned a level 2 spell: Passwall
  1157 | D:2      | Reached XP level 4. HP: 43/44 MP: 3/3
  1561 | D:3      | Found Denetoh's Antique Armour Shoppe.
  1964 | D:3      | Found a radiant altar of Vehumet.
  2157 | D:3      | Got the Atlas of Refrigeration and Filth
  2616 | D:4      | Reached skill level 4 in Unarmed Combat
  2689 | D:3      | Reached XP level 5. HP: 53/53 MP: 4/4
  2845 | D:4      | Noticed Robin
  2856 | D:4      | Killed Robin
  3048 | D:4      | Reached XP level 6. HP: 47/61 MP: 5/5
  3171 | D:4      | Reached skill level 5 in Unarmed Combat
  3191 | D:4      | Noticed Blork the orc
  3206 | D:4      | Killed Blork the orc
  3755 | D:5      | Entered Level 5 of the Dungeon
  3820 | D:5      | Reached XP level 7. HP: 48/68 MP: 6/6
  3999 | D:5      | Reached skill level 6 in Unarmed Combat
  4057 | D:5      | Found an iron altar of Okawaru.
  4396 | D:5      | Reached skill level 5 in Shields
  4396 | D:5      | Reached XP level 8. HP: 68/79 MP: 7/7
  4563 | D:5      | Reached skill level 7 in Unarmed Combat
  4825 | D:6      | Reached skill level 5 in Fighting
  4881 | D:6      | Reached skill level 8 in Unarmed Combat
  4910 | D:6      | Noticed Sigmund
  4922 | D:6      | Killed Sigmund
  5394 | D:6      | Upgraded the game from 0.30-a0-845-g7c6808c8ce to
                  | 0.30-a0-857-gcaf70739d4
  5454 | D:7      | Found a staircase to the Ecumenical Temple.
  5546 | D:7      | Reached XP level 9. HP: 39/88 MP: 8/8
  5856 | D:8      | Reached skill level 9 in Unarmed Combat
  5865 | D:8      | HP: 3/88 [wight/+3 halberd of freezing (16)]
  5895 | D:8      | Found a hazy altar of Hepliaklqana.
  6030 | D:8      | Found the +18 Lear's hauberk
  6121 | D:8      | Found a stormy altar of Qazlal.
  6121 | D:8      | Found a glowing silver altar of Zin.
  6173 | D:8      | Found a flagged portal.
  6180 | Bailey   | Entered a bailey
  6574 | Bailey   | Reached skill level 10 in Unarmed Combat
  6641 | Bailey   | Reached XP level 10. HP: 100/100 MP: 9/9
  6654 | Bailey   | Identified the +5 executioner's axe "Pendulum" {flame,
                  | rPois rF+}
  6656 | Bailey   | Noticed an orc knight
  6656 | Bailey   | Noticed an orc knight
  6659 | Bailey   | Slain by an orc knight

Illustrated notes

Levels and vault maps discovered:
D:1:      scummos_arrival_hexagon, layout_loops_cross, serial_shops,
          nicolae_square_shop, minmay_misc_feat_rows, item_on_display_b
D:2:      layout_loops_ring, uniq_jessica
D:3:      layout_loops_corners, mainiacjoe_overflow_alcove_4, serial_shops,
          nicolae_shop_hallway_stairs
D:4:      layout_basic, uniq_blork_the_orc, uniq_robin
D:5:      layout_loops_cross, mainiacjoe_overflow_brackets,
          chequers_serial_rivers_small_3, due_unseen_surprise
D:6:      layout_basic, uniq_sigmund
D:7:      layout_rooms, minmay_temple_entry_from_below_a, uniq_prince_ribbit1
D:8:      layout_loops_cross, mainiacjoe_overflow_alcove_1,
          gammafunk_temple_overflow_statue, enter_bailey_3, grunt_ministairs_15,
          uniq_joseph
Bailey:   bailey_polearm_2, bailey

Skill      XL: |  1  2  3  4  5  6  7  8  9 |
---------------+----------------------------+-----
Shields        | 3 4 5 6 |  6.9
Unarmed Combat | 3 4 5 6 8 10 | 10.1
Fighting       | 3 4 5 6 |  6.3
Dodging        | 3 |  3.9

Action                     |  1- 3 |  4- 6 |  7- 9 | 10-12 || total
---------------------------+-------+-------+-------+-------++-------
  Melee: Unarmed           |    81 |   184 |   297 |     1 ||   563
   Cast: Passwall          |     2 |     1 |     2 |       ||     5
    Use: Scroll            |     4 |       |     6 |       ||    10
         Potion            |       |     1 |     2 |     1 ||     4
   Stab: Sleeping          |     1 |     1 |       |       ||     2
 Armour: Robe              |    19 |    51 |    94 |     1 ||   165
  Dodge: Dodged            |    27 |    45 |   132 |       ||   204
  Block: Kite shield       |    26 |    59 |   147 |     2 ||   234

Table legend: (Time is in decaauts)
 A = Elapsed time spent in this place.
 B = Non-inter-level travel time spent in this place.
 C = Inter-level travel time spent in this place.
 D = Time resting spent in this place.
 E = Time spent auto-exploring this place.
 F = Levels seen in this place.
 G = Mean time per level.
                   A        B        C        D        E       F      G
               +--------+--------+--------+--------+--------+-----+--------+
         Total |   6656 |   5845 |    811 |    469 |   3281 |   9 |  739.6 |
       Dungeon |   6181 |   5370 |    811 |    375 |   3186 |   8 |  772.6 |
        Bailey |    474 |    474 |      0 |     94 |     95 |   1 |  474.0 |
               +--------+--------+--------+--------+--------+-----+--------+

Top non-repeatable levels by time:
     D:3: 1193 daAuts
     D:5: 997 daAuts
     D:4: 996 daAuts
     D:1: 865 daAuts
     D:2: 703 daAuts
     D:6: 685 daAuts
  Bailey: 474 daAuts
     D:7: 379 daAuts
     D:8: 359 daAuts
